 Dungeon Crawl Stone Soup version 0.31-a0-1612-g4aaf141004 (webtiles) character file.

Game seed: 10242400238914014255

242 AlmostDecent the Ducker (level 6, -3/44 HPs)
             Began as a Djinni Conjurer on Jan 9, 2024.
             Slain by Duvessa
             ... wielding a +0 rapier
              (11 damage)
             ... on level 4 of the Dungeon.
             The game lasted 00:11:50 (2351 turns).

AlmostDecent the Ducker (Djinni Conjurer)           Turns: 2351, Time: 00:11:50

Health: -3/44      AC:  3    Str:  6    XL:     6   Next: 30%
Gold:   140        EV: 13    Int: 22    God:
                   SH:  0    Dex: 11

rFire   + + .        (no weapon)
rCold   x . .        (no shield)
rNeg    . . .        a - +0 robe
rPois   ∞            (no helmet)
rElec   .            b - +0 cloak
rCorr   .            (no gloves)
SInv    .            (boots unavailable)
Will    .....        i - amulet of regeneration
Stlth   ++           (no ring)
HPRegen 1.07/turn    (no ring)
MPRegen 0.00/turn

%: infuse magic (-4 HP)
@: flying
A: sickness immunity, fire resistance 2, cold vulnerability 1, float, innate
caster, HP casting, extra vitality 1
a: no special abilities


You were on level 4 of the Dungeon.
You visited 1 branch of the dungeon, and saw 4 of its levels.

You collected 140 gold pieces.

Inventory:

Armour
 a - a +0 robe (worn)
 b - a +0 cloak (worn)
 f - an orb of mayhem
Jewellery
 i - an amulet of regeneration (around neck)
Wands
 o - a wand of digging (8)
Scrolls
 c - a scroll of amnesia {unknown}
 d - a scroll of poison {unknown}
 e - 3 scrolls of teleportation {unknown}
 j - a scroll of vulnerability {unknown}
 k - 5 scrolls of identify {unknown}
 l - a scroll of fear {unknown}
Potions
 g - 2 potions of heal wounds
 h - 3 potions of degeneration {unknown}
 m - a potion of resistance {unknown}
 n - a potion of magic {unknown}
 p - 2 potions of lignification {unknown}


   Skills:
 + Level 2.3 Fighting
 + Level 4.6 Dodging
 + Level 2.8 Stealth
 + Level 4.0 Spellcasting
 + Level 4.0 Conjurations
 + Level 4.0 Hexes
 + Level 4.0 Summonings
 + Level 4.0 Necromancy
 + Level 4.0 Translocations
 + Level 4.0 Fire Magic
 + Level 4.0 Ice Magic
 + Level 4.0 Air Magic
 + Level 4.0 Earth Magic
 + Level 4.0 Alchemy


You knew the following spells:

 Your Spells              Type           Power      Damage    Failure   Level
a - Magic Dart            Conj           88%        1d7       2%          1
b - Searing Ray           Conj           44%        2d6       3%          2
c - Fulminant Prism       Conj/Alch      11%        3d9       22%         4
d - Iskenderun's Mystic   Conj/Tloc      22%        2d6       22%         4
e - Summon Small Mammal   Summ           88%        N/A       2%          1
f - Call Imp              Summ           44%        N/A       3%          2
Your spell library was empty.

Dungeon Overview and Level Annotations

Branches:
Dungeon (4/15)
 Temple: D:4-7

Altars:
Dithmenos
Hepliaklqana
Zin

Annotations:
D:3 2 transporters
D:4 Duvessa


Innate Abilities, Weirdness & Mutations

You are immune to sickness and miasma.
You are immune to poison.
Your flesh is very heat resistant. (rF++)
You are vulnerable to cold. (rC-)
You float through the air rather than walking.
You learn spells naturally, not from books.
Your magical power is your life essence.
You have superior vitality. (+4 MHP)


Message History

The blast of energy engulfs Duvessa!
Duvessa is severely wounded.
The blast of energy engulfs Dowan!!
You kill Dowan!
Duvessa screams in rage.
Duvessa goes berserk!
Your Fighting skill increases to level 2!
Your Spellcasting skill increases to level 4!
Your Conjurations skill increases to level 4!
Your Hexes skill increases to level 4!
Your Summonings skill increases to level 4!
Your Necromancy skill increases to level 4!
Your Translocations skill increases to level 4!
Your Fire Magic skill increases to level 4!
Your Ice Magic skill increases to level 4!
Your Air Magic skill increases to level 4!
Your Earth Magic skill increases to level 4!
Your Alchemy skill increases to level 4!
The magic dart hits Duvessa but does no damage.
Duvessa is severely wounded.
Duvessa rages.
The magic dart hits Duvessa.
Duvessa is severely wounded.
Duvessa closely misses you.
Casting: Magic Dart (safe; 2% risk of failure)
Confirm with . or Enter, or press ? or * to list all spells.
Aiming: Searing Ray (safe; 3% risk of failure)
Press: ? - help, Shift-Dir - straight line, f/p - Duvessa
Aim: Duvessa, wielding a +0 rapier and wearing a +0 ring mail (severely wounded, berserk, 84% to hit)
The searing ray hits Duvessa but does no damage.
Duvessa is severely wounded. (Press . to maintain the ray.) Duvessa hits you with a +0 rapier.
Duvessa hits you with a +0 rapier!
Casting: Searing Ray (safe; 3% risk of failure)
Confirm with . or Enter, or press ? or * to list all spells.
A tiny devil pulls itself out of the air.
Duvessa hits you with a +0 rapier!
* * * LOW HITPOINT WARNING * * *
Duvessa attacks as she pursues you! Duvessa hits you with a +0 rapier!
You die...

#.... ............#.
#...##..#...........
#....#.###........#.
#.....##........#.
##.............###
#)..........####.
#.#....###.......
###e#.....#........
#.@.##....#........
#.#5# ...##....#...
#...# ...###...##.)
#.#.# .## ##..#..#
#...# ## ###.#..#
#.#.# #...#..# #...#
##...... ###.#
##...##. #...###
#.....#.


You could see Duvessa (berserk, ally target) and a friendly cerulean imp
(summoned).

Vanquished Creatures
  An ogre (D:4)
  Dowan (D:4)
  An orc wizard (D:4)
  2 adders
  A dart slug (D:1)
  A ribbon worm (D:3)
  10 orcs
  8 bats
  5 endoplasms
  5 goblins
  5 hobgoblins
  5 kobolds
  3 quokkas (D:1)
  3 frilled lizards
51 creatures vanquished.

Vanquished Creatures (collateral kills)
  A hobgoblin (D:3)
  A ball python (D:3)
2 creatures vanquished.

Vanquished Creatures (others)
  5 fulminant prisms (D:4)
5 creatures vanquished.

Grand Total: 58 creatures vanquished

Notes
Turn   | Place    | Note
-------+----------+-------------------------------------------
     0 | D:1      | AlmostDecent the Djinni Conjurer began the quest for the
                  | Orb.
     0 | D:1      | AlmostDecent set off with the following spells memorised:
                  | Magic Dart, Searing Ray, Fulminant Prism, Iskenderun's
                  | Mystic Blast.
     0 | D:1      | Reached XP level 1. HP: 15/15 MP: 0/0
   294 | D:1      | Reached XP level 2. HP: 20/21 MP: 0/0
   653 | D:1      | Reached XP level 3. HP: 23/25 MP: 0/0
   653 | D:1      | Learned a level 1 spell: Summon Small Mammal
  1264 | D:2      | Found a faded altar of an unknown god.
  1608 | D:3      | Found a shadowy altar of Dithmenos.
  1655 | D:3      | Reached XP level 4. HP: 31/31 MP: 0/0
  1706 | D:3      | Found a transporter.
  1708 | D:3      | Found a transporter.
  1709 | D:3      | Noticed an orc warrior
  1710 | D:3      | Noticed an ogre
  1728 | D:3      | Found a glowing silver altar of Zin.
  2159 | D:4      | Found a hazy altar of Hepliaklqana.
  2182 | D:4      | Reached skill level 1 in Fighting
  2182 | D:4      | Reached XP level 5. HP: 8/37 MP: 0/0
  2182 | D:4      | Learned a level 2 spell: Call Imp
  2283 | D:4      | Noticed an ogre
  2298 | D:4      | Killed an ogre
  2299 | D:4      | Reached XP level 6. HP: 39/43 MP: 0/0
  2339 | D:4      | Noticed Duvessa
  2339 | D:4      | Noticed Dowan
  2346 | D:4      | Killed Dowan
  2351 | D:4      | Slain by Duvessa

Illustrated notes

Levels and vault maps discovered:
D:1:      tarquinn_simple_flora_water_b, layout_loops_corners
D:2:      layout_rooms, shapermc_ecumenical_altar_gd
D:3:      layout_loops_cross, gammafunk_temple_overflow_arena,
          mainiacjoe_overflow_alcove_1, serial_park_tiny_2
D:4:      layout_cave_pools, lemuel_doored_altar, old_standard_altar,
          minmay_temple_entry_water_ring, serial_shops,
          nicolae_shop_window_shopping, shop, shop, hangedman_minor_gate_pass,
          uniq_blork_the_orc, uniq_duvessa

Skill      XL: |  1  2  3  4  5  6 |
---------------+-------------------+-----
Stealth        | 2 |  2.8
Dodging        | 3 4 |  4.6
Fighting       | 1 2 |  2.3
Spellcasting   | 4 |  4.0
Conjurations   | 4 |  4.0
Hexes          | 4 |  4.0
Summonings     | 4 |  4.0
Necromancy     | 4 |  4.0
Translocations | 4 |  4.0
Fire Magic     | 4 |  4.0
Ice Magic      | 4 |  4.0
Air Magic      | 4 |  4.0
Earth Magic    | 4 |  4.0
Alchemy        | 4 |  4.0

Action                     |  1- 3 |  4- 6 || total
---------------------------+-------+-------++-------
   Cast: Magic Dart        |    91 |    56 ||   147
         Summon Small Mamm |     1 |       ||     1
         Fulminant Prism   |       |     5 ||     5
         Call Imp          |       |     2 ||     2
         Searing Ray       |       |     2 ||     2
         Iskenderun's Myst |       |     1 ||     1
    Use: Potion            |       |     2 ||     2
 Armour: Robe              |    11 |    42 ||    53
  Dodge: Dodged            |    15 |    32 ||    47

Table legend: (Time is in decaauts)
 A = Elapsed time spent in this place.
 B = Non-inter-level travel time spent in this place.
 C = Inter-level travel time spent in this place.
 D = Time resting spent in this place.
 E = Time spent auto-exploring this place.
 F = Levels seen in this place.
 G = Mean time per level.
                   A        B        C        D        E       F      G
               +--------+--------+--------+--------+--------+-----+--------+
         Total |   2351 |   2304 |     47 |      3 |   1923 |   4 |  587.8 |
       Dungeon |   2351 |   2304 |     47 |      3 |   1923 |   4 |  587.8 |
               +--------+--------+--------+--------+--------+-----+--------+

Top non-repeatable levels by time:
     D:1: 960 daAuts
     D:3: 633 daAuts
     D:2: 534 daAuts
     D:4: 223 daAuts
